 Dungeon Crawl Stone Soup version 0.22.0-75-g3901e79 (webtiles) character file.

10038 Anon1729 the Cleaver (level 11, -6/103 HPs)
             Began as a Naga Gladiator on Sept 12, 2018.
             Was an Initiate of Uskayaw.
             Mangled by a spiny frog (9 damage)
             ... on level 1 of the Lair of Beasts.
             The game lasted 00:37:28 (15180 turns).

Anon1729 the Cleaver (Naga Gladiator)              Turns: 15180, Time: 00:37:29

Health: -6/103     AC: 14    Str: 17    XL:     11   Next: 55%
Magic:  8/17       EV:  6    Int: 16    God:    Uskayaw [......]
Gold:   500        SH:  0    Dex: 17    Spells: 10/10 levels left

rFire    + . .     SeeInvis +   j - +0 halberd (flame) (curse)
rCold    + . .     Gourm    .   (shield currently unavailable)
rNeg     . . .     Faith    .   T - +3 chain mail {rC+}
rPois    +         Spirit   .   c - +0 helmet
rElec    .         Reflect  .   (no cloak)
rCorr    .         Harm     .   (no gloves)
MR       +....                  (no barding)
Stlth    ..........             C - amulet of the acrobat
HPRegen  0.27/turn              G - ring of Sizuypo {Fire Int+5 Dex+4}
MPRegen  0.15/turn              k - ring of protection from cold

@: very slow
A: large, see invisible, deformed body, poison resistance, slowness 2, slow
metabolism 1, spit poison 1, AC +3
a: Spit Poison, Renounce Religion


You were on level 1 of the Lair of Beasts.
You worshipped Uskayaw.
Uskayaw was aware of your devotion.
You were very hungry.

You visited 3 branches of the dungeon, and saw 13 of its levels.

You collected 500 gold pieces.

Inventory:

Hand Weapons
 a - a +0 war axe
 j - a cursed +0 halberd of flaming (weapon)
 N - a +0 hand axe of chopping
 O - a +2 lajatang of protection
Missiles
 d - 3 throwing nets (quivered)
 Q - 4 steel javelins
 R - 6 tomahawks
Armour
 c - a +0 helmet (worn)
 S - a +3 plate armour
 T - a +3 chain mail of cold resistance (worn)
Jewellery
 e - an uncursed ring of protection from magic
 k - a ring of protection from cold (right hand)
 v - an uncursed amulet of magic regeneration
 x - an uncursed ring of fire
 A - an uncursed ring of stealth
 C - an amulet of the acrobat (around neck)
 G - the ring of Sizuypo (left hand) {Fire Int+5 Dex+4}
   (You found it on level 10 of the Dungeon)

   [ring of fire]

   It enhances your fire magic.
   It affects your intelligence (+5).
   It affects your dexterity (+4).
   It protects you from fire.
   It makes you vulnerable to cold.
Wands
 y - a wand of iceblast (4)
 H - a wand of random effects (30)
Scrolls
 b - a scroll of torment {unknown}
 g - 5 scrolls of remove curse
 h - 3 scrolls of enchant weapon {unknown}
 l - 12 scrolls of identify
 o - 3 scrolls of magic mapping
 p - 2 scrolls of random uselessness {unknown}
 q - 4 scrolls of teleportation
 u - a scroll of amnesia {unknown}
 E - 2 scrolls of fog {unknown}
 K - a scroll of blinking {unknown}
 P - a scroll of immolation {unknown}
Potions
 i - 3 potions of heal wounds {unknown}
 m - 2 potions of might
 n - 2 potions of flight {unknown}
 s - 2 potions of curing
 t - a potion of haste {unknown}
 w - 2 potions of magic {unknown}
 z - a potion of resistance {unknown}
 D - a potion of lignification {unknown}
 F - 2 potions of brilliance {unknown}
 I - 2 potions of cancellation
Comestibles
 f - 8 rations


   Skills:
 + Level 8.0 Fighting
 * Level 11.3 Axes
 - Level 2.0 Throwing
 + Level 6.3 Armour
 - Level 3.2 Dodging
 * Level 9.2 Invocations


You had 10 spell levels left.
You didn't know any spells.
Your spell library was empty.

Dungeon Overview and Level Annotations

Branches:
Dungeon (11/15)            Temple (1/1) D:5            Lair (1/6) D:10
    Orc (0/2) D:10

Altars:
Cheibriados
Elyvilon
Fedhas
Gozag
Makhleb
Nemelex Xobeh
Uskayaw
Vehumet
Wu Jian
Xom
Yredelemnul
The Shining One


Innate Abilities, Weirdness & Mutations

You cannot wear boots.
Your serpentine skin is tough. (AC +3)
You have supernaturally acute eyesight. (SInv)
Armour fits poorly on your strangely shaped body.
Your system is resistant to poisons. (rPois)
You cover ground very slowly.
You have a slow metabolism.
You can spit poison.


Message History

You feel better. The spiny frog stings you!
* * * LOW HITPOINT WARNING * * *
Unknown command.
Unknown command.
You stomp with the beat, sending a shockwave through the revelers around you!
The spiny frog is severely wounded.
You feel somewhat more hungry.
You can no longer stomp with the beat.
The spiny frog stings you.
* * * LOW HITPOINT WARNING * * *
Unknown command.
Evoke which item? (* to show all) (? for menu, Esc to quit)
Aiming: Iceblast
Press: ? - help, Shift-Dir - straight line The mass of ice explodes!
The iceblast engulfs the spiny frog.
The spiny frog is severely wounded.
The spiny frog stings you!
* * * LOW HITPOINT WARNING * * *
The spiny frog stings you!
You die...

..### # ... ..
... ...
####.###...
#..#.#..# #.<.#
###..####
...#.......#
.......@...#
...#...F...#
...............
.......†.......
.......†.......
...............
...............
...............


You could see a spiny frog.

Vanquished Creatures
  A tengu warrior (D:10)
  A two-headed ogre (D:10)
  The ghost of Merlin the Sneak, a novice GnWn of Ru (D:10)
  An ugly thing (D:11)
  A manticore (D:11)
  Sigmund (D:3)
  A wraith (D:11)
  11 yaks
  2 hungry ghosts
  Duvessa (D:6)
  A porcupine (D:10)
  A sky beast (D:11)
  2 black bears
  5 orc warriors
  6 ice beasts
  3 phantoms
  An eye of draining (D:10)
  A necrophage (D:5)
  2 ogres
  3 centaurs
  A big kobold (D:11)
  A crocodile (D:10)
  5 bullfrogs
  A gnoll sergeant (D:10)
  Dowan (D:6)
  A water moccasin zombie (D:7)
  2 scorpions
  5 wights (D:9)
  7 killer bees
  2 electric eels (Lair:1)
  2 howler monkeys
  A bullfrog zombie (D:10)
  3 crimson imps
  A quasit (D:10)
  7 hounds
  6 jellies
  2 centaur skeletons
  5 orc priests
  2 orc wizards (D:10)
  Terence (D:3)
  Jessica (D:3)
  An iguana (D:10)
  2 worker ants
  A centaur simulacrum (D:10)
  A bullfrog simulacrum (D:10)
  A hound zombie (D:11)
  2 hound skeletons (D:4)
  A howler monkey zombie (D:7)
  11 gnolls
  8 adders
  A hound simulacrum (D:10)
  2 shadow imps
  A white imp (D:10)
  A worker ant simulacrum (D:10)
  5 oozes (D:8)
  An adder skeleton (D:7)
  3 worms
  4 dart slugs
  5 leopard geckos
  30 orcs
  3 ball pythons
  13 bats
  2 giant cockroaches (D:2)
  5 goblins
  9 hobgoblins
  2 jackals (D:10)
  13 kobolds
  3 quokkas (D:3)
  5 frilled lizards
  A quokka skeleton (D:5)
  6 rats
  A fungus (D:10)
247 creatures vanquished.

Vanquished Creatures (others)
  12 fungi (D:10)
  6 plants (D:10)
18 creatures vanquished.

Grand Total: 265 creatures vanquished

Notes
Turn   | Place    | Note
-------+----------+-------------------------------------------
     0 | D:1      | Anon1729 the Naga Gladiator began the quest for the Orb.
     0 | D:1      | Reached XP level 1. HP: 19/19 MP: 1/1
   411 | D:1      | Reached XP level 2. HP: 25/26 MP: 2/2
   907 | D:1      | Reached XP level 3. HP: 32/32 MP: 3/3
  1697 | D:2      | Reached skill level 1 in Armour
  1697 | D:2      | Reached XP level 4. HP: 29/40 MP: 4/4
  2227 | D:3      | Found a glowing golden altar of the Shining One.
  2227 | D:3      | Noticed Terence
  2236 | D:3      | Killed Terence
  2236 | D:3      | Reached skill level 4 in Axes
  2241 | D:3      | Reached XP level 5. HP: 29/48 MP: 5/5
  2246 | D:3      | Found a shimmering altar of Xom.
  2321 | D:3      | Noticed Sigmund
  2345 | D:3      | Killed Sigmund
  2345 | D:3      | Reached XP level 6. HP: 30/56 MP: 6/6
  2377 | D:3      | Found a blossoming altar of Fedhas.
  2668 | D:3      | Noticed Jessica
  2679 | D:3      | Reached skill level 5 in Axes
  2683 | D:3      | Killed Jessica
  3357 | D:4      | Reached XP level 7. HP: 61/63 MP: 7/7
  4005 | D:5      | Entered Level 5 of the Dungeon
  4126 | D:5      | Reached skill level 6 in Axes
  4371 | D:5      | Found a staircase to the Ecumenical Temple.
  4427 | Temple   | Entered the Ecumenical Temple
  4433 | Temple   | Became a worshipper of Uskayaw the Reveler
  4479 | D:5      | Reached * piety under Uskayaw
  4497 | D:5      | Reached ** piety under Uskayaw
  5474 | D:6      | Noticed Duvessa
  5476 | D:6      | Noticed Dowan
  5488 | D:6      | Killed Duvessa
  5488 | D:6      | Reached XP level 8. HP: 52/72 MP: 4/8
  5498 | D:6      | Killed Dowan
  6270 | D:7      | Reached skill level 7 in Axes
  6307 | D:7      | Reached *** piety under Uskayaw
  6340 | D:7      | Reached skill level 5 in Fighting
  6573 | D:7      | Got a transparent robe
  7177 | D:7      | Found a radiant altar of Vehumet.
  7178 | D:7      | Found a blossoming altar of Fedhas.
  7197 | D:7      | Identified the +0 robe of Action {MR+} (You found it on
                  | level 7 of the Dungeon)
  7388 | D:8      | Reached skill level 8 in Axes
  7388 | D:8      | Reached skill level 1 in Invocations
  7407 | D:7      | Reached XP level 9. HP: 11/81 MP: 5/10
  9009 | D:9      | Reached skill level 9 in Axes
  9568 | D:9      | Reached **** piety under Uskayaw
  9574 | D:9      | Reached ***** piety under Uskayaw
 10229 | D:9      | Reached skill level 5 in Invocations
 10588 | D:10     | Entered Level 10 of the Dungeon
 10606 | D:10     | Reached XP level 10. HP: 83/92 MP: 12/14
 10629 | D:10     | Noticed Merlin's ghost (novice GnWn)
 10657 | D:10     | Reached skill level 5 in Armour
 10695 | D:10     | Found a runed gate.
 10695 | D:10     | Found a runed gate.
 10695 | D:10     | Found a runed gate.
 11493 | D:10     | Reached skill level 10 in Axes
 11555 | D:10     | Noticed a two-headed ogre
 11571 | D:10     | Killed a two-headed ogre
 12002 | D:10     | Found a staircase to the Lair.
 12013 | D:10     | Found a staircase to the Orcish Mines.
 12439 | D:11     | Noticed a tengu warrior
 12813 | D:10     | Killed a tengu warrior
 12813 | D:10     | Reached XP level 11. HP: 18/100 MP: 10/16
 13561 | D:11     | Noticed a six-headed hydra
 13748 | D:10     | Killed Merlin's ghost
 13748 | D:10     | Reached skill level 11 in Axes
 14059 | D:10     | Got the ring of Sizuypo {Fire}
 14062 | D:10     | Identified the ring of Sizuypo {Fire Int+5 Dex+4} (You
                  | found it on level 10 of the Dungeon)
 14102 | D:11     | Noticed a manticore
 14107 | D:11     | Killed a manticore
 14196 | D:11     | Noticed a white ugly thing
 14212 | D:11     | Killed a white ugly thing
 14936 | D:11     | Noticed a white ugly thing
 14997 | Lair:1   | Entered Level 1 of the Lair of Beasts
 15180 | Lair:1   | HP: 3/103 [spiny frog (8)]
 15180 | Lair:1   | Mangled by a spiny frog

Skill      XL: |  1  2  3  4  5  6  7  8  9 10 11 |
---------------+----------------------------------+-----
Throwing       | 2 |  2.0
Armour         | 1 2 3 4 5 6 |  6.3
Axes           | 4 5 6 8 9 10 11 | 11.3
Fighting       | 3 4 5 6 7 8 |  8.0
Dodging        | 3 |  3.2
Invocations    | 2 5 7 9 |  9.2

Action                   |  1- 3 |  4- 6 |  7- 9 | 10-12 || total
-------------------------+-------+-------+-------+-------++-------
Melee: War axe           |    94 |   173 |   210 |       ||   477
       Hand axe          |       |       |   210 |   319 ||   529
       Halberd           |       |       |       |    98 ||    98
Throw: Throwing net      |       |       |       |     1 ||     1
Invok: Stomp             |       |       |    16 |    11 ||    27
       Line Pass         |       |       |     1 |     3 ||     4
 Abil: Spit Poison       |     3 |     6 |    19 |    18 ||    46
Evoke: Wand              |       |       |    11 |    11 ||    22
  Use: Potion            |       |     5 |     2 |     5 ||    12
       Scroll            |       |       |     5 |     4 ||     9
 Stab: Sleeping          |     1 |       |       |       ||     1
       Paralysed         |       |       |     9 |    22 ||    31
       Confused          |       |       |     1 |     3 ||     4
       Distracted        |       |       |       |     1 ||     1
  Eat: Chunk             |     2 |     5 |     7 |    10 ||    24
       Ration            |       |       |     8 |     1 ||     9
Armor: Leather armour    |    21 |       |    37 |       ||    58
       Chain mail        |    26 |   156 |   174 |   142 ||   498
       Plate armour      |       |       |       |    96 ||    96
Dodge: Dodged            |    60 |    80 |   206 |   134 ||   480
